 Dungeon Crawl Stone Soup version 0.31.0-11-ge490571c62 (webtiles) character file.

Game seed: 4213207885313051830

444 qw the Shooter (level 6, -2/30 HPs)
             Began as a Spriggan Hunter on Feb 5, 2024.
             Incinerated by a bombardier beetle (4 damage)
             ... with a burning spray
             ... on level 4 of the Dungeon.
             The game lasted 00:00:14 (2947 turns).

qw the Shooter (Spriggan Hunter)                    Turns: 2947, Time: 00:00:15

Health: -2/30      AC:  3    Str:  7    XL:     6   Next: 72%
Magic:  7/7        EV: 21    Int: 11    God:
Gold:   192        SH:  0    Dex: 20    Spells: 5/5 levels left

rFire   . . .        a - +1 shortbow
rCold   . . .        (shield currently unavailable)
rNeg    . . .        c - +0 robe
rPois   .            (helmet restricted)
rElec   .            k - +0 cloak
rCorr   .            (gloves unavailable)
SInv    +            (boots unavailable)
Will    +....        d - amulet of faith
Stlth   +            (no ring)
HPRegen 0.25/turn    (no ring)
MPRegen 0.10/turn

%: faith
@: on fire, glowing, very quick
A: very small, no large weapons, unfitting armour, see invisible, speed 3
a: no special abilities


You were on level 4 of the Dungeon.
You visited 2 branches of the dungeon, and saw 5 of its levels.

You collected 192 gold pieces.


Innate Abilities, Weirdness & Mutations

You are very small and have problems with some larger weapons.
You are too small for most types of armour.
You have supernaturally acute eyesight. (SInv)
You cover ground extremely quickly. (Speed+++)


   Skills:
 - Level 2.0 Fighting
 + Level 6.7 Ranged Weapons
 - Level 6.1 Dodging
 - Level 1.5 Stealth


You had 5 spell levels left.
You didn't know any spells.
Your spell library was empty.

Inventory:

Hand Weapons
 a - a +1 shortbow (weapon)
Armour
 c - a +0 robe (worn)
 k - a +0 cloak (worn)
Jewellery
 d - an amulet of faith (around neck)
 g - a ring of fire
Potions
 f - 2 potions of might
 h - a potion of heal wounds
 i - a potion of curing
 l - a potion of magic {unknown}

Dungeon Overview and Level Annotations

Branches:
Dungeon (4/15)             Temple (1/1) D:4

Altars:
Dithmenos
Elyvilon
Gozag
Hepliaklqana
Makhleb
Nemelex Xobeh
Sif Muna
Trog
Vehumet
Wu Jian


Message History

Enter note:
Enter note:
Enter note: A bombardier beetle comes into view.
You shoot an arrow.
The arrow hits the bombardier beetle but does no damage.
You shoot an arrow. The arrow hits the bombardier beetle.
The bombardier beetle is moderately wounded.
You shoot an arrow.
The arrow closely misses the bombardier beetle.
You shoot an arrow. The arrow hits the bombardier beetle.
The bombardier beetle is severely wounded.
You shoot an arrow. The arrow hits the bombardier beetle.
The bombardier beetle is almost dead.
You shoot an arrow. The arrow hits the bombardier beetle.
The bombardier beetle is almost dead.
The bombardier beetle sprays incendiary fluid at you.
The burning spray hits you.
You are covered in liquid fire!
You shoot an arrow. The arrow hits the bombardier beetle!
You kill the bombardier beetle!
The liquid fire burns you!
Your Dodging skill increases to level 6!
You are on fire!
The liquid fire burns you!
You are on fire!
The liquid fire burns you!
You are on fire!
The liquid fire burns you!
You are on fire!
The liquid fire burns you!
You are on fire!
The liquid fire burns you!
You are on fire!
The liquid fire burns you!
You are on fire!
The liquid fire burns you!
You are on fire!
The liquid fire burns you!
You die...

#............... #.
#######.).####.. #.
#.### #.. #. #.#
#.. #. ######.# #|.
#. #....#.# #..
#.###....#%# ###
#..>.......# #
#.@......##########
##.......'....##...
####....####......
#<.........#.#.#.
###..............
#....#..#.#.#.#
######.........
###.#.#.#.#.
###...........


There were no monsters in sight!

Vanquished Creatures
  Sigmund (D:3)
  An ogre (D:4)
  An orc priest (D:3)
  A bombardier beetle (D:4)
  Jessica (D:2)
  An iguana (D:4)
  An adder (D:3)
  A ribbon worm (D:2)
  5 orcs
  5 ball pythons
  6 bats
  9 endoplasms
  2 giant cockroaches
  3 goblins
  6 hobgoblins
  6 jackals (D:4)
  6 kobolds
  3 quokkas
  2 frilled lizards
  5 rats
66 creatures vanquished.

Notes
Turn   | Place    | Note
-------+----------+-------------------------------------------
     0 | D:1      | qw the Spriggan Hunter began the quest for the Orb.
     0 | D:1      | Reached XP level 1. HP: 10/10 MP: 2/2
     0 | D:1      | 0 ||| qw: Version: 0.3-a-160-g6735b56
     0 | D:1      | 0 ||| qw: Game counter: 6214
     0 | D:1      | 0 ||| qw: Melee chars always use a shield: true
     0 | D:1      | 0 ||| qw: God list: Okawaru
     0 | D:1      | 0 ||| qw: Allow faded altars: false
     0 | D:1      | 0 ||| qw: Do Orc after clearing Dungeon:15 true
     0 | D:1      | 0 ||| qw: Do second Lair branch before Depths: true
     0 | D:1      | 0 ||| qw: Lair rune preference: random
     0 | D:1      | 0 ||| qw: Goals: Normal
     0 | D:1      | 0 ||| PLANNING D:1-11
    43 | D:1      | Reached skill level 3 in Dodging
   109 | D:1      | HP: 2/10 [frozen (5)]
   196 | D:1      | Reached XP level 2. HP: 13/14 MP: 3/3
   463 | D:1      | 463 ||| UPGRADING to amulet of faith.
   468 | D:1      | 468 ||| READING 2 scrolls labelled DEQ NERI BUIQA.
   469 | D:1      | 469 ||| READING scroll labelled FOQIEG KUPSOYRUPH.
   469 | D:1      | 469 ||| ENCHANTING +0 shortbow.
   470 | D:1      | 470 ||| READING scroll labelled UMI IVIFRIRUG.
   475 | D:1      | 475 ||| DROPPING scroll of butterflies.
   476 | D:1      | 476 ||| DROPPING scroll of fog.
   556 | D:2      | You fall into a shaft and drop 1 floor!
   606 | D:3      | 606 ||| READING scroll labelled TEQUPP KUIGGU.
   606 | D:3      | 606 ||| IDENTIFYING metallic yellow potion
   607 | D:3      | 607 ||| DRINKING 2 black potions.
   608 | D:3      | 608 ||| DROPPING potion of ambrosia.
   802 | D:2      | Noticed Jessica
   803 | D:2      | Killed Jessica
   804 | D:2      | Reached XP level 3. HP: 18/18 MP: 4/4
  1407 | D:2      | 1407 ||| DRINKING 2 viscous orange potions.
  1408 | D:2      | 1408 ||| DROPPING potion of degeneration.
  1510 | D:3      | Reached XP level 4. HP: 17/23 MP: 5/5
  1567 | D:3      | Found a hazy altar of Hepliaklqana.
  1751 | D:3      | Noticed Sigmund
  1752 | D:3      | 1752 ||| RETREEEEATING.
  1753 | D:3      | 1753 ||| RETREEEEATING.
  1754 | D:3      | 1754 ||| RETREEEEATING.
  1756 | D:3      | 1756 ||| RETREEEEATING.
  1758 | D:3      | 1758 ||| RETREEEEATING.
  1761 | D:3      | 1761 ||| RETREEEEATING.
  1784 | D:3      | Killed Sigmund
  1785 | D:3      | Reached skill level 6 in Ranged Weapons
  1785 | D:3      | Reached XP level 5. HP: 8/26 MP: 6/6
  1785 | D:3      | Reached XP level 6. HP: 10/30 MP: 7/7
  2363 | D:3      | 2363 ||| UPGRADING to +0 cloak.
  2368 | D:3      | 2368 ||| READING 3 scrolls of identify.
  2368 | D:3      | 2368 ||| IDENTIFYING emerald potion
  2369 | D:3      | 2369 ||| READING 2 scrolls of identify.
  2369 | D:3      | 2369 ||| IDENTIFYING fuming blue potion
  2370 | D:3      | 2370 ||| READING scroll of identify.
  2370 | D:3      | 2370 ||| IDENTIFYING orange potion
  2371 | D:3      | 2371 ||| READING 2 scrolls labelled JEOZIH SO GUEM.
  2372 | D:3      | 2372 ||| READING scroll labelled WIUDEOMMEIWN.
  2373 | D:3      | 2373 ||| READING scroll labelled YKKIZUL NUMAKI.
  2374 | D:3      | 2374 ||| DROPPING potion of attraction.
  2375 | D:3      | 2375 ||| DROPPING scroll of fear.
  2838 | D:4      | Found a staircase to the Ecumenical Temple.
  2839 | D:4      | 2839 ||| PLANNING TEMPLE
  2839 | D:4      | 2839 ||| READING scroll of identify.
  2839 | D:4      | 2839 ||| IDENTIFYING dark potion
  2840 | D:4      | 2840 ||| DROPPING potion of brilliance.
  2850 | Temple   | Entered the Ecumenical Temple
  2851 | Temple   | 2851 ||| PLANNING D:1-11
  2940 | D:4      | Reached skill level 6 in Dodging
  2944 | D:4      | HP: 6/30 [burnt (4)]
  2946 | D:4      | HP: 2/30 [burnt (2)]
  2947 | D:4      | Incinerated by a bombardier beetle

Levels and vault maps discovered:
D:1:      mrwooster_arrival_statue, layout_basic
D:2:      layout_loops_corners, uniq_jessica
D:3:      layout_basic, mainiacjoe_overflow_brackets, uniq_sigmund
D:4:      layout_basic, minmay_temple_entry_grid, hex_medium,
          corexii_corridor_pit
Temple:   nicolae_temple_bog_church

Skill      XL: |  1  2  3  4  5  6 |
---------------+-------------------+-----
Dodging        | 3 4 6 |  6.1
Ranged Weapons | 5 6 |  6.7
Fighting       | 2 |  2.0
Stealth        | |  1.5

Action                     |  1- 3 |  4- 6 || total
---------------------------+-------+-------++-------
   Fire: Shortbow          |    78 |   112 ||   190
    Use: Scroll            |     4 |     7 ||    11
         Potion            |     2 |       ||     2
 Armour: Robe              |     5 |    11 ||    16
  Dodge: Dodged            |    22 |    53 ||    75

Table legend:
 A = Non-vault XP
 B = Vault XP
 C = Vault XP percentage of total XP
 D = Non-vault monster count
 E = Vault monster count
 F = Vault count percentage of total count
                 A         B        C        D         E       F
            +---------+---------+-------+---------+---------+-------
      Total |     367 |     268 |  42.2 |      64 |       2 |   3.0
            +---------+---------+-------+---------+---------+-------
        D:1 |      18 |       0 |   0.0 |      10 |       0 |   0.0
        D:2 |      28 |      37 |  56.9 |      16 |       1 |   5.9
        D:3 |      85 |     231 |  73.1 |      17 |       1 |   5.6
        D:4 |     236 |       0 |   0.0 |      21 |       0 |   0.0
            +---------+---------+-------+---------+---------+-------
